[Event "Titled Tuesday Blitz April 25 Early 2023"]
[White "Aradhya, Garg"]
[Black "Le, Tuan Minh"]
[WhiteFideId "25006746"]
[BlackFideId "12401153"]
[WhiteElo "2263"]
[BlackElo "2566"]
[Result "0-1"]
[Round "11"]
[TimeControl "180+2"]
[Date "2023.04.25"]
[WhiteClock "0:00:15"]
[BlackClock "0:00:29"]

1. d4 d5 2. c4 c6 3. Nf3 Nf6 4. cxd5 cxd5 5. Nc3 Nc6 6. Bf4 a6 7. Ne5 Qb6 8. Nxc6 bxc6 9. Qd2 Bf5 10. e3 Ne4 11. Nxe4 Bxe4 12. a3 e6 13. Rc1 c5 14. h4 h6 15. f3 Bh7 16. Be2 c4 17. O-O Be7 18. h5 O-O 19. e4 Rfd8 20. Rfe1 dxe4 21. Rxc4 Rac8 22. Rec1 Rxc4 23. Rxc4 Bd6 24. Be3 exf3 25. Bxf3 Qb5 26. Rc6 Be7 27. Qe2 Bd3 28. Qf2 Bf6 29. Rc5 Qd7 30. d5 e5 31. Be2 e4 32. Qf1 Qe7 33. Bxd3 Bg5 34. Bf2 e3 35. Rc2 exf2+ 36. Kh1 Bh4 37. Re2 Qg5 38. Be4 Bg3 39. Rxf2 Qh4+ 40. Kg1 Qh2# 0-1


[Site "https://www.chess.com"]

[Event "Titled Tuesday Blitz April 25 Early 2023"]
[White "Shimanov, Aleksandr"]
[Black "Javakhadze, Zurab"]
[WhiteFideId "4198603"]
[BlackFideId "13603647"]
[WhiteElo "2631"]
[BlackElo "2381"]
[Result "1-0"]
[Round "11"]
[TimeControl "180+2"]
[Date "2023.04.25"]
[WhiteClock "0:00:16"]
[BlackClock "0:00:01"]

1. Nf3 d5 2. g3 e6 3. Bg2 Nf6 4. c4 Be7 5. d4 O-O 6. Nc3 dxc4 7. Ne5 Nc6 8. Bxc6 bxc6 9. Nxc6 Qe8 10. Nxe7+ Qxe7 11. Qa4 e5 12. dxe5 Qxe5 13. Bf4 Qh5 14. O-O-O Be6 15. f3 Rfb8 16. Bxc7 Rc8 17. Qa5 Qh3 18. Bf4 Nd7 19. Rd2 Rc5 20. Qb4 Rcc8 21. Rhd1 h6 22. g4 a5 23. Qe7 Re8 24. Qd6 Qh4 25. Ne4 c3 26. Nxc3 Rac8 27. Kb1 Qf6 28. Qd4 Qg6+ 29. Ka1 Rc4 30. Qd6 Rec8 31. Be5 Qg5 32. Bd4 a4 33. a3 Qa5 34. Rd3 R4c6 35. Qb4 Qa6 36. Be3 Rb8 37. Qd4 1-0


[Site "https://www.chess.com"]

[Event "Titled Tuesday Blitz April 25 Early 2023"]
[White "Chigaev, Maksim"]
[Black "Hua, Lefong"]
[WhiteFideId "4108116"]
[BlackFideId "2602253"]
[WhiteElo "2547"]
[BlackElo "2696"]
[Result "0-1"]
[Round "11"]
[TimeControl "180+2"]
[Date "2023.04.25"]
[WhiteClock "0:00:11"]
[BlackClock "0:00:15"]

1. d4 Nf6 2. Bg5 g6 3. Bxf6 exf6 4. e3 Bg7 5. g3 O-O 6. Bg2 d6 7. Nd2 c6 8. Ne2 f5 9. O-O Nd7 10. c4 Nf6 11. b4 h5 12. h4 Ng4 13. Nf3 Re8 14. a4 a6 15. Nf4 Be6 16. Qb3 Nf6 17. b5 axb5 18. Nxe6 Rxe6 19. axb5 Ne4 20. Rxa8 Qxa8 21. bxc6 bxc6 22. Qb6 Re8 23. Ng5 Nxg5 24. hxg5 Rc8 25. Rb1 Bf8 26. Qb7 Qxb7 27. Rxb7 Kg7 28. f4 Kg8 29. Bf3 Kg7 30. Kf2 Kg8 31. Ke2 Kg7 32. Kd3 Kg8 33. Ra7 Kg7 34. Ra6 c5 35. Ra7 Re8 36. Bd5 Re7 37. Ra8 Rc7 38. dxc5 dxc5 39. e4 fxe4+ 40. Kxe4 Be7 41. Re8 f6 42. f5 gxf5+ 43. Kxf5 fxg5 44. Rg8+ Kh7 45. Ra8 h4 46. g4 h3 47. Ra3 Kg7 48. Rxh3 Bd8 49. Rh6 Kxh6 0-1


[Site "https://www.chess.com"]

[Event "Titled Tuesday Blitz April 25 Early 2023"]
[White "Shuvalova, Polina"]
[Black "Durarbayli, Vasif"]
[WhiteFideId "24171760"]
[BlackFideId "13402935"]
[WhiteElo "2281"]
[BlackElo "2551"]
[Result "0-1"]
[Round "11"]
[TimeControl "180+2"]
[Date "2023.04.25"]
[WhiteClock "0:00:01"]
[BlackClock "0:01:30"]

1. Nf3 d5 2. g3 c5 3. Bg2 f6 4. d4 cxd4 5. Nxd4 e5 6. Nb3 Be6 7. O-O Nc6 8. Nc3 d4 9. Ne4 Bd5 10. c3 f5 11. Ng5 Bxg2 12. Kxg2 Be7 13. h4 Bxg5 14. Bxg5 Qd5+ 15. Kg1 h6 16. Bd2 Nf6 17. cxd4 exd4 18. Rc1 Ne4 19. h5 O-O 20. Bf4 Rad8 21. Qd3 Qf7 22. Qf3 Rd5 23. Rfd1 Rfd8 24. Kg2 a5 25. a3 Nf6 26. Nc5 Nxh5 27. Nd3 Nf6 28. Rc5 Ne4 29. Rxd5 Qxd5 30. Rc1 g5 31. Bc7 Rd7 32. Bb6 g4 33. Qf4 Nc5+ 34. Kh2 Nxd3 35. exd3 Ne5 36. Rc5 Nf3+ 37. Kh1 Re7 38. Qb8+ Kh7 39. Rc1 Ne1+ 0-1


[Site "https://www.chess.com"]

[Event "Titled Tuesday Blitz April 25 Early 2023"]
[White "Kucuksari, Kaan"]
[Black "Salinas Herrera, Pablo"]
[WhiteFideId "6380166"]
[BlackFideId "3407128"]
[WhiteElo "2364"]
[BlackElo "2546"]
[Result "1-0"]
[Round "11"]
[TimeControl "180+2"]
[Date "2023.04.25"]
[WhiteClock "0:00:06"]
[BlackClock "0:00:04"]

1. d4 d5 2. c4 e6 3. Nf3 Nf6 4. g3 h6 5. Bg2 Bd6 6. O-O O-O 7. Qc2 Re8 8. Nc3 Nc6 9. b3 dxc4 10. bxc4 e5 11. dxe5 Nxe5 12. Nxe5 Bxe5 13. Rb1 c6 14. Rd1 Qa5 15. Bd2 Qc7 16. Na4 Bg4 17. Nc5 Bxe2 18. Re1 Bd4 19. Bf4 Qe7 20. Nb3 Rad8 21. Nxd4 Rxd4 22. Be3 Bd3 23. Qc3 Bxb1 24. Qxd4 Qb4 25. Rc1 Bxa2 26. Qxa7 Bxc4 27. Qd4 b5 28. Bxc6 Rc8 29. Bb7 Rb8 30. Bf3 Qe7 31. Rd1 Bb3 32. Rb1 Be6 33. Qe5 Qe8 34. Bc6 Qc8 35. Ba7 Rb7 36. Bxb7 Qxb7 37. Qb8+ Qxb8 38. Bxb8 Bc4 39. Bd6 Ne4 40. Bb4 f5 41. f3 Ng5 42. Kf2 Bd5 43. f4 Ne4+ 44. Ke3 Bc4 45. Kd4 Kf7 46. Ra1 Kg6 47. Ra7 Nf6 48. Bf8 Bf7 49. Rb7 Nh7 50. Bd6 Bc4 51. Be5 Nf6 52. Rb6 Kf7 53. Bxf6 gxf6 54. Kc5 Ke7 55. Rd6 h5 56. Rd4 Ke6 57. Rd2 Kf7 58. Kd6 h4 59. gxh4 Kg6 60. Ke7 Bf1 61. Rf2 Bd3 62. Rf3 Be4 63. Rb3 Bc6 64. Kd6 Be8 65. Re3 Bf7 66. Re7 Bc4 67. Rb7 Be2 68. Ke7 Bd3 69. Kf8 Kh6 70. Kf7 Kh5 71. Kxf6 Kxh4 72. Ke5 Kh3 73. Rh7+ Kg2 74. h4 Kg3 75. h5 Kh4 76. h6 Kh5 77. Rh8 Bc4 78. Kf6 b4 79. h7 Kh6 80. Rc8 Kxh7 81. Rxc4 1-0


[Site "https://www.chess.com"]

[Event "Titled Tuesday Blitz April 25 Early 2023"]
[White "Mekhitarian, Krikor Sevag"]
[Black "KRUMMEL2008"]
[WhiteFideId "2107660"]
[WhiteElo "2604"]
[BlackElo "2670"]
[Result "1-0"]
[Round "11"]
[TimeControl "180+2"]
[Date "2023.04.25"]
[WhiteClock "0:00:26"]
[BlackClock "0:00:04"]

1. Nf3 Nf6 2. c4 g6 3. Nc3 Bg7 4. e4 d6 5. d4 O-O 6. h3 e5 7. d5 a5 8. Be3 Na6 9. g4 Nd7 10. a3 Nb6 11. Rg1 Bd7 12. Be2 Nc5 13. Nd2 Nba4 14. Nxa4 Nxa4 15. Qc2 Nc5 16. b3 Kh8 17. Rb1 f5 18. exf5 gxf5 19. b4 axb4 20. axb4 Na4 21. gxf5 Bxf5 22. Bd3 Qd7 23. Rg3 e4 24. Bxe4 Nc3 25. Bxf5 Rxf5 26. Rc1 Re8 27. Rxg7 Qxg7 28. Qxc3 Rfe5 29. Kd1 Kg8 30. Kc2 Qg6+ 31. Kb2 Kf7 32. Nf3 Re4 33. Ng5+ Qxg5 34. Bxg5 Re2+ 35. Rc2 Rxc2+ 36. Kxc2 Re4 37. Qf3+ Ke8 38. Qxe4+ Kd7 39. Qe6# 1-0


[Site "https://www.chess.com"]

[Event "Titled Tuesday Blitz April 25 Early 2023"]
[White "Shomoev, Anton"]
[Black "Osinenko, Anton"]
[WhiteFideId "4135148"]
[BlackFideId "4158970"]
[WhiteElo "2451"]
[BlackElo "2294"]
[Result "0-1"]
[Round "11"]
[TimeControl "180+2"]
[Date "2023.04.25"]
[WhiteClock "0:00:31"]
[BlackClock "0:00:11"]

1. d4 Nf6 2. c4 e5 3. dxe5 Ng4 4. Bf4 g5 5. Bg3 Bg7 6. Nf3 Nc6 7. Nc3 Ngxe5 8. h4 h6 9. e3 d6 10. Be2 Nxf3+ 11. gxf3 Be6 12. Qd2 Ne5 13. b3 Qf6 14. Bxe5 Qxe5 15. Rc1 O-O-O 16. Nb5 a6 17. Nd4 Bd7 18. Bd3 Bf6 19. h5 Rhe8 20. Kf1 Rg8 21. Qc2 g4 22. f4 Qe7 23. Nf5 Bxf5 24. Bxf5+ Kb8 25. Qe4 Qxe4 26. Bxe4 g3 27. Rg1 gxf2 28. Kxf2 c6 29. Kf3 Kc7 30. b4 Kd7 31. a4 Kc7 32. b5 Kb6 33. bxc6 bxc6 34. c5+ dxc5 35. Rb1+ Kc7 36. Rxg8 Rxg8 37. a5 Rb8 38. Rc1 Rb5 39. Bf5 Rxa5 40. e4 Bd4 41. e5 Ra3+ 42. Kg4 Rc3 43. Bh7 Rxc1 0-1


[Site "https://www.chess.com"]

[Event "Titled Tuesday Blitz April 25 Early 2023"]
[White "Bacallao Alonso, Yusnel"]
[Black "Kleiman, Jake"]
[WhiteFideId "3507416"]
[BlackFideId "2020041"]
[WhiteElo "2561"]
[BlackElo "2575"]
[Result "1-0"]
[Round "11"]
[TimeControl "180+2"]
[Date "2023.04.25"]
[WhiteClock "0:01:54"]
[BlackClock "0:00:54"]

1. d4 Nf6 2. Nf3 e6 3. c4 Bb4+ 4. Nbd2 O-O 5. g3 d5 6. Qc2 b6 7. Bg2 Bb7 8. O-O dxc4 9. Nxc4 Be4 10. Qb3 Nc6 11. Rd1 a5 12. Bg5 Bd5 13. Qc2 Bxf3 14. Bxf3 Nxd4 15. Qd3 Nxf3+ 16. Qxf3 Qe7 17. Ne5 h6 18. Nc6 Qc5 19. Bxf6 gxf6 20. a3 1-0


[Site "https://www.chess.com"]

[Event "Titled Tuesday Blitz April 25 Early 2023"]
[White "Reprintsev, Alexander"]
[Black "Djordjevic, Vuk"]
[WhiteFideId "14100541"]
[BlackFideId "902098"]
[WhiteElo "2211"]
[BlackElo "2452"]
[Result "0-1"]
[Round "11"]
[TimeControl "180+2"]
[Date "2023.04.25"]
[WhiteClock "0:00:01"]
[BlackClock "0:00:04"]

1. e4 d5 2. exd5 Qxd5 3. Nc3 Qd6 4. d4 Nf6 5. Nf3 c6 6. g3 Bg4 7. Be2 e6 8. h3 Bxf3 9. Bxf3 Qc7 10. Qe2 Bd6 11. Bd2 O-O 12. h4 Na6 13. h5 h6 14. O-O-O Nb4 15. Kb1 a5 16. Rhg1 a4 17. g4 Bf4 18. Bxf4 Qxf4 19. Qe3 Qxe3 20. fxe3 Nbd5 21. Nxd5 exd5 22. g5 hxg5 23. Rxg5 Kh7 24. Rdg1 Rg8 25. c4 dxc4 26. e4 Rad8 27. d5 cxd5 28. exd5 b5 29. a3 Rd6 30. Kc2 Nd7 31. Kc3 Nc5 32. R1g4 Na6 33. Be4+ Kh6 34. Kd4 g6 35. hxg6 fxg6 36. Ke5 Rb6 37. d6 Nc5 38. Rxg6+ Rxg6 39. Rxg6+ Kh5 40. Bf5 b4 41. Kd5 bxa3 42. bxa3 Nb7 43. Re6 c3 44. Bc2 Rb2 45. Bxa4 c2 46. Bxc2 Rxc2 47. d7 Rc5+ 48. Kd4 Rc7 49. Rd6 Nd8 50. Kd5 Ra7 51. Rf6 Rxa3 52. Rf8 Rd3+ 53. Ke5 Rxd7 54. Kf6 Kg4 55. Rg8+ Kf4 56. Rg7 Rd6+ 57. Ke7 Rd5 58. Rg6 Nb7 59. Rb6 Nc5 60. Rb8 Ke5 61. Rb1 Rd7+ 62. Ke8 Rc7 63. Rd1 Ne4 64. Kd8 Ra7 65. Kc8 Ke6 66. Kb8 Re7 67. Re1 Kd6 68. Kc8 Re5 69. Rd1+ Kc6 70. Kb8 Nc5 71. Ka7 Re7+ 72. Ka8 Nd7 73. Rc1+ Nc5 74. Rd1 Rf7 75. Rc1 Rf3 76. Ra1 Kb6 77. Rb1+ Nb3 0-1


[Site "https://www.chess.com"]

[Event "Titled Tuesday Blitz April 25 Early 2023"]
[White "Rustemov, Alexander"]
[Black "WindWhistler11"]
[WhiteFideId "4119002"]
[WhiteElo "2782"]
[BlackElo "2543"]
[Result "1-0"]
[Round "11"]
[TimeControl "180+2"]
[Date "2023.04.25"]
[WhiteClock "0:01:24"]
[BlackClock "0:00:33"]

1. d4 Nf6 2. c4 e6 3. Nf3 c5 4. d5 exd5 5. cxd5 Bd6 6. Nc3 O-O 7. e4 Re8 8. Bg5 h6 9. Bxf6 Qxf6 10. Bd3 a6 11. a4 Be5 12. Nxe5 Qxe5 13. O-O d6 14. a5 Nd7 15. Na4 Qd4 16. Bc2 Qb4 17. Qe1 Qb5 18. Qc3 Nf6 19. Nb6 Rb8 20. Ba4 Qe2 21. Rae1 Qh5 22. Bxe8 Nxe8 23. Qg3 Qg4 24. Qxg4 Bxg4 25. f3 Bh5 26. g4 Bg6 27. b4 cxb4 28. Rc1 Nf6 29. Rc8+ Rxc8 30. Nxc8 Ne8 31. Rb1 h5 32. h3 hxg4 33. hxg4 1-0


[Site "https://www.chess.com"]

[Event "Titled Tuesday Blitz April 25 Early 2023"]
[White "Kollars, Dmitrij"]
[Black "Samunenkov, Ihor"]
[WhiteFideId "12909572"]
[BlackFideId "14187086"]
[WhiteElo "2584"]
[BlackElo "2457"]
[Result "1-0"]
[Round "11"]
[TimeControl "180+2"]
[Date "2023.04.25"]
[WhiteClock "0:00:13"]
[BlackClock "0:00:04"]

1. d4 d5 2. c4 e6 3. Nf3 Nf6 4. g3 Be7 5. Bg2 O-O 6. Nc3 c6 7. Nd2 a5 8. e4 dxc4 9. e5 Nd5 10. Nxc4 c5 11. Nxd5 exd5 12. Ne3 Nc6 13. Nxd5 cxd4 14. O-O Bc5 15. Qh5 Re8 16. Be4 g6 17. Qf3 Rxe5 18. Bf4 Bg4 19. Qg2 Bh3 20. Qf3 Bxf1 21. Rxf1 f5 22. Bxe5 Nxe5 23. Qf4 Qd6 24. Bg2 Nc6 25. Qf3 Re8 26. Qb3 Kg7 27. Qxb7+ Kh8 28. Nc7 Re7 29. Qa8+ Nd8 30. Nd5 Re8 31. Qxa5 Kg7 32. Qd2 Qe5 33. Nf4 Kh8 34. Nd3 Qd6 35. b4 Ba7 36. a4 Nf7 37. a5 Ne5 38. b5 Nc4 39. Qa2 Ne5 40. Nxe5 Qxe5 41. b6 Bb8 42. a6 d3 43. a7 Bxa7 44. bxa7 1-0


[Site "https://www.chess.com"]

[Event "Titled Tuesday Blitz April 25 Early 2023"]
[White "Grigoriants, Sergey"]
[Black "Wieczorek, Oskar"]
[WhiteFideId "4130804"]
[BlackFideId "1133950"]
[WhiteElo "2502"]
[BlackElo "2418"]
[Result "1-0"]
[Round "11"]
[TimeControl "180+2"]
[Date "2023.04.25"]
[WhiteClock "0:00:37"]
[BlackClock "0:00:06"]

1. d4 Nf6 2. c4 c5 3. d5 g6 4. Nc3 Bg7 5. e4 d6 6. h3 O-O 7. Nf3 e6 8. Be2 exd5 9. exd5 Nfd7 10. O-O f5 11. Ng5 Nf6 12. Bf3 Re8 13. Bf4 Na6 14. Re1 Nc7 15. Rxe8+ Nfxe8 16. Qb3 h6 17. Ne6 Nxe6 18. dxe6 Bxe6 19. Re1 Bf7 20. Qxb7 Rb8 21. Qxa7 Rxb2 22. Bd5 Bxd5 23. Nxd5 Nf6 24. Re7 Nh5 25. g4 fxg4 26. hxg4 Rb1+ 27. Kh2 Bf8 28. gxh5 Bxe7 29. Nxe7+ Kf7 30. Nxg6+ Ke6 31. Bg3 Qg5 32. Nf4+ Kf5 33. Qh7+ Kg4 34. Qxb1 Kf3 1-0


[Site "https://www.chess.com"]

[Event "Titled Tuesday Blitz April 25 Early 2023"]
[White "Kuzubov, Yuriy"]
[Black "Borgaonkar Akshay"]
[WhiteFideId "14112906"]
[BlackFideId "25639110"]
[WhiteElo "2496"]
[BlackElo "2063"]
[Result "1/2-1/2"]
[Round "11"]
[TimeControl "180+2"]
[Date "2023.04.25"]
[WhiteClock "0:00:05"]
[BlackClock "0:00:06"]

1. d4 Nf6 2. c4 g6 3. Nc3 Bg7 4. e4 d6 5. Bd3 O-O 6. Nge2 c5 7. f3 cxd4 8. Nxd4 Nc6 9. Nc2 Ne5 10. Be2 a6 11. O-O Be6 12. Nd5 Bxd5 13. cxd5 Rc8 14. Be3 Nc4 15. Bxc4 Rxc4 16. b3 Rc8 17. Qd2 Nd7 18. Rac1 b5 19. Nd4 Ne5 20. h3 Rxc1 21. Rxc1 Qa8 22. f4 Nd7 23. Nc6 Re8 24. Bd4 e5 25. Bb2 Bh6 26. Qb4 Bxf4 27. Qxd6 Bxc1 28. Bxc1 Nf8 29. Bh6 f5 30. Qf6 Qb7 31. d6 Qf7 32. Ne7+ Rxe7 33. dxe7 Qxf6 34. e8=Q fxe4 35. h4 Qf5 36. Kh2 Qf7 37. Qxe5 Ne6 38. Qxe4 Qc7+ 39. g3 Qf7 40. Qa8+ Nf8 41. Kg2 Qe7 42. Bxf8 Qe2+ 43. Kh3 Qf1+ 44. Kh2 Qf2+ 45. Qg2 Qxg2+ 46. Kxg2 Kxf8 47. Kf3 Ke7 48. Ke4 Ke6 49. b4 h5 50. Kd4 Kf6 51. Kc5 Kf5 52. Kb6 Kg4 53. Kxa6 Kxg3 54. Kxb5 Kxh4 55. Kc4 Kg4 56. b5 h4 57. b6 h3 58. b7 h2 59. b8=Q h1=Q 60. Qc8+ Kg5 61. Qd8+ Kg4 62. Qd4+ Kg5 63. Qe5+ Kg4 64. Qe6+ Kg5 65. a4 Qc1+ 66. Kb5 Qb2+ 67. Ka6 Kh5 68. Qh3+ Kg5 69. Qe3+ Kh4 70. Qf4+ Kh5 71. Qf3+ Kh4 72. Qe4+ Kh5 73. a5 g5 74. Qh7+ Kg4 75. Qd7+ Kh4 76. Qh7+ Kg4 77. Qe4+ Kh5 78. Ka7 g4 79. a6 Kh4 80. Ka8 Kh3 81. Qh7+ Kg2 82. Qe4+ Kh3 83. Qf5 Kh4 84. Qf4 Kh3 85. Qh6+ Kg2 86. Qc6+ Kh3 87. Qd7 Kh4 88. Qe7+ Kh3 89. Qb7 Qc3 90. Qh1+ Kg3 91. Qg1+ Kh3 92. Qf1+ Kg3 93. Qf5 Qf3+ 94. Qxf3+ gxf3 95. Kb7 f2 96. a7 f1=Q 97. a8=Q Qf3+ 98. Kb8 Qxa8+ 99. Kxa8 1/2-1/2


[Site "https://www.chess.com"]

[Event "Titled Tuesday Blitz April 25 Early 2023"]
[White "Quesada Perez, Yuniesky"]
[Black "Kim, Sergey"]
[WhiteFideId "3504409"]
[BlackFideId "13700570"]
[WhiteElo "2585"]
[BlackElo "2664"]
[Result "1-0"]
[Round "11"]
[TimeControl "180+2"]
[Date "2023.04.25"]
[WhiteClock "0:01:14"]
[BlackClock "0:00:47"]

1. e4 e5 2. Nf3 Nc6 3. Bb5 a6 4. Ba4 Nf6 5. O-O b5 6. Bb3 Bc5 7. a4 Rb8 8. Nxe5 Nxe5 9. d4 Bxd4 10. Qxd4 d6 11. f3 c5 12. Qf2 c4 13. Ba2 O-O 14. Rd1 Qe7 15. Nc3 h6 16. Be3 Be6 17. axb5 axb5 18. Bb1 Ra8 19. Rxa8 Rxa8 20. Nxb5 Qb7 21. Nxd6 Qc6 22. Qg3 Ng6 23. c3 Rd8 24. e5 Nh5 25. Qe1 Nxe5 26. Ne4 Nd3 27. Qh4 Rd5 28. b4 g6 29. Nf6+ Nxf6 30. Qxf6 Re5 31. Bd4 Bd7 32. Qxc6 Bxc6 33. Bxd3 1-0


[Site "https://www.chess.com"]

[Event "Titled Tuesday Blitz April 25 Early 2023"]
[White "Kushko, Dmitriy"]
[Black "Manukyan, Sargis A."]
[WhiteFideId "14162261"]
[BlackFideId "13303970"]
[WhiteElo "2230"]
[BlackElo "2187"]
[Result "1/2-1/2"]
[Round "11"]
[TimeControl "180+2"]
[Date "2023.04.25"]
[WhiteClock "0:00:05"]
[BlackClock "0:00:11"]

1. f4 d5 2. Nf3 c5 3. g3 Nc6 4. Bg2 Nf6 5. O-O Bg4 6. d3 h6 7. Qe1 e6 8. e4 dxe4 9. dxe4 Nd4 10. Nxd4 cxd4 11. h3 Bh5 12. g4 Bg6 13. f5 Bh7 14. e5 Nd5 15. fxe6 fxe6 16. Qf2 Qd7 17. Qxd4 Rc8 18. Kh1 Rxc2 19. Qxa7 Qc6 20. Nd2 Be7 21. Qb8+ Bd8 22. Qd6 Qxd6 23. exd6 Ne3 24. Re1 Nxg2 25. Kxg2 Kd7 26. Kg3 Kxd6 27. Nf3 g5 28. Bd2 Bc7 29. Bc3 Rf8 30. Be5+ Ke7 31. Bxc7 Rxc7 32. Re3 Rc2 33. Rae1 Bg8 34. R1e2 Rc4 35. b3 Rc1 36. Ne5 Rff1 37. Rg2 Bh7 38. Rf2 Rg1+ 39. Rg2 Rh1 40. Rf3 Be4 41. Rf7+ Kd6 42. Nc4+ Rxc4 43. bxc4 Bxg2 44. Kxg2 Rb1 45. Rh7 Rb2+ 46. Kg3 Rxa2 47. Rxh6 Ra3+ 48. Kg2 Re3 49. Rg6 Re5 50. Rg7 b6 51. Kg3 Kc5 52. Rc7+ Kb4 53. Rc6 Ka5 54. Rc8 Re3+ 55. Kf2 Re4 56. Kf3 Rf4+ 57. Kg3 Kb4 58. Rc6 Re4 59. Rxb6+ Kxc4 60. Rb8 Kd5 61. Rg8 Re5 62. Kf3 Kd6 63. Rd8+ Ke7 64. Rd1 Kf6 65. Kg3 Ra5 66. Rf1+ Kg6 67. Re1 e5 68. Re3 Rb5 69. Ra3 e4 70. Re3 Rb4 71. Ra3 Kf6 72. Kf2 Ke6 73. Ke3 Kf6 74. Ra6+ Kg7 75. Ra5 Kg6 76. Re5 Rb3+ 77. Kxe4 Rxh3 78. Re6+ Kf7 79. Rb6 Rc3 80. Rb5 Kf6 81. Rb6+ Kf7 82. Rb5 Kf6 83. Rb6+ Kg7 84. Rb5 Kg6 85. Rb6+ Kg7 86. Rb5 Kg6 87. Rb6+ Kg7 1/2-1/2


[Site "https://www.chess.com"]

[Event "Titled Tuesday Blitz April 25 Early 2023"]
[White "Gunina, Valentina"]
[Black "Koellner, Ruben Gideon"]
[WhiteFideId "4167570"]
[BlackFideId "12993093"]
[WhiteElo "2352"]
[BlackElo "2314"]
[Result "0-1"]
[Round "11"]
[TimeControl "180+2"]
[Date "2023.04.25"]
[WhiteClock "0:00:34"]
[BlackClock "0:00:05"]

1. d4 d6 2. Nf3 Nf6 3. c4 g6 4. Nc3 Bf5 5. h3 Ne4 6. Qb3 Nxc3 7. bxc3 b6 8. c5 bxc5 9. e4 Bxe4 10. Ng5 d5 11. Nxe4 dxe4 12. Bb5+ c6 13. Ba4 Qb6 14. dxc5 Qxb3 15. axb3 Bg7 16. Bd2 a5 17. O-O-O Ra6 18. Kc2 Nd7 19. Be3 Ne5 20. Bd4 O-O 21. Rhe1 f5 22. Re2 Nd3 23. g3 e5 24. Be3 Re8 25. h4 Bf8 26. h5 Bxc5 27. hxg6 hxg6 28. f3 exf3 29. Red2 e4 30. Bxc5 Nxc5 31. Rh1 e3 32. Rdh2 Kg7 33. Rh7+ Kf6 34. Rc7 Nxa4 35. bxa4 e2 0-1


[Site "https://www.chess.com"]

[Event "Titled Tuesday Blitz April 25 Early 2023"]
[White "Bilych, Olexiy"]
[Black "djokovic74"]
[WhiteFideId "14156504"]
[WhiteElo "2320"]
[BlackElo "2638"]
[Result "0-1"]
[Round "11"]
[TimeControl "180+2"]
[Date "2023.04.25"]
[WhiteClock "0:00:01"]
[BlackClock "0:00:03"]

1. d4 e6 2. c4 Nf6 3. Nf3 Bb4+ 4. Nbd2 O-O 5. a3 Be7 6. e4 d6 7. Be2 Nfd7 8. O-O e5 9. Qc2 a5 10. b3 exd4 11. Nxd4 Bf6 12. Bb2 Nc6 13. N2f3 Re8 14. Rfe1 Nc5 15. Bf1 Bg4 16. Nxc6 bxc6 17. e5 Be7 18. Nd4 Qd7 19. h3 Bh5 20. Nf5 Bg6 21. Nxe7+ Rxe7 22. Qc3 dxe5 23. Rxe5 Rxe5 24. Qxe5 Ne6 25. c5 Re8 26. Bc4 f6 27. Qe1 Bf7 28. Qxa5 Nf4 29. Bxf7+ Qxf7 30. Qb4 g5 31. Kh2 Qd5 32. Rg1 Kf7 33. Qc3 Re6 34. Qc2 Kg7 35. g3 Re2 36. Bxf6+ Kf7 37. Qc3 Rxf2+ 38. Rg2 Qxg2# 0-1


[Site "https://www.chess.com"]

[Event "Titled Tuesday Blitz April 25 Early 2023"]
[White "Odegov, Artem"]
[Black "Szpar, Milosz"]
[WhiteFideId "34183644"]
[BlackFideId "1184989"]
[WhiteElo "2300"]
[BlackElo "2436"]
[Result "0-1"]
[Round "11"]
[TimeControl "180+2"]
[Date "2023.04.25"]
[WhiteClock "0:00:01"]
[BlackClock "0:00:22"]

1. d4 Nf6 2. c4 c5 3. d5 e6 4. Nc3 exd5 5. cxd5 d6 6. e4 g6 7. f4 Bg7 8. Bb5+ Nfd7 9. a4 O-O 10. Nf3 Na6 11. O-O Nb4 12. Re1 a6 13. Bf1 Re8 14. Be3 Nf6 15. Bf2 Bg4 16. Rc1 Nh5 17. h3 Bxf3 18. Qxf3 Bd4 19. g4 Nf6 20. Bg2 Bxf2+ 21. Kxf2 c4 22. Bf1 b5 23. Kg3 Rb8 24. Rcd1 Nd7 25. axb5 axb5 26. h4 Nc5 27. h5 Nbd3 28. Bxd3 Nxd3 29. Re2 b4 30. Nb1 g5 31. fxg5 Qxg5 32. Nd2 Qe5+ 33. Kh4 Nxb2 34. Rf1 Rb7 35. Qe3 f6 36. Rf5 Qc3 37. Qf4 Nd3 38. Qh6 Rg7 39. Rxf6 Ne5 40. g5 Nf7 0-1


[Site "https://www.chess.com"]

[Event "Titled Tuesday Blitz April 25 Early 2023"]
[White "MaryanKyrychenko"]
[Black "Cherniaiev, Tykhon"]
[BlackFideId "14182360"]
[WhiteElo "2583"]
[BlackElo "2450"]
[Result "0-1"]
[Round "11"]
[TimeControl "180+2"]
[Date "2023.04.25"]
[WhiteClock "0:00:08"]
[BlackClock "0:00:31"]

1. e4 e5 2. Nf3 Nc6 3. d4 exd4 4. Nxd4 Nf6 5. Nxc6 bxc6 6. e5 Nd5 7. c4 Nb6 8. b3 Bb4+ 9. Bd2 Bxd2+ 10. Nxd2 Qe7 11. Qe2 O-O 12. Qe4 d5 13. Qe3 f6 14. Bd3 Qxe5 15. O-O Qxe3 16. fxe3 Be6 17. c5 Nd7 18. b4 a5 19. a3 Rfb8 20. Rab1 axb4 21. axb4 Ra4 22. Rf4 Ne5 23. Bf1 Kf7 24. h4 Ke7 25. h5 g5 26. hxg6 hxg6 27. Rd4 Bf5 28. Rb2 Ra3 29. e4 dxe4 30. Nxe4 Re3 31. Nf2 Rg3 32. Rh4 Nf3+ 0-1


[Site "https://www.chess.com"]

[Event "Titled Tuesday Blitz April 25 Early 2023"]
[White "Mirzoev, Azer"]
[Black "Weishaeutel, Moritz"]
[WhiteFideId "13400304"]
[BlackFideId "12967300"]
[WhiteElo "2525"]
[BlackElo "2301"]
[Result "1/2-1/2"]
[Round "11"]
[TimeControl "180+2"]
[Date "2023.04.25"]
[WhiteClock "0:00:19"]
[BlackClock "0:00:26"]

1. d4 Nf6 2. c4 c5 3. d5 b5 4. f3 bxc4 5. e4 e6 6. Nc3 exd5 7. exd5 d6 8. Bxc4 Be7 9. Nge2 O-O 10. O-O Nbd7 11. Ng3 Nb6 12. Bb3 Bb7 13. Nge4 c4 14. Nxf6+ Bxf6 15. Bc2 Bxc3 16. bxc3 Nxd5 17. Qd2 Rb8 18. Rb1 Bc6 19. Rxb8 Qxb8 20. h3 Re8 21. Be4 Nf6 22. Bf5 d5 23. Re1 Re5 24. Bc2 Qe8 25. Rxe5 Qxe5 26. Ba3 Bd7 27. Bc5 a6 28. Bd4 Qg3 29. Bf2 Qb8 30. Bd4 Qg3 31. Bf2 Qb8 32. Bd4 Qg3 1/2-1/2


[Site "https://www.chess.com"]

[Event "Titled Tuesday Blitz April 25 Early 2023"]
[White "Safin, Robert"]
[Black "Papasimakopoulos, Alexandros"]
[WhiteFideId "34189120"]
[BlackFideId "4244125"]
[WhiteElo "2245"]
[BlackElo "2359"]
[Result "0-1"]
[Round "11"]
[TimeControl "180+2"]
[Date "2023.04.25"]
[WhiteClock "0:00:13"]
[BlackClock "0:01:29"]

1. e4 c6 2. d4 d5 3. exd5 cxd5 4. c4 Nf6 5. Nc3 Nc6 6. Bg5 dxc4 7. d5 Ne5 8. Nf3 Nd3+ 9. Bxd3 cxd3 10. Qxd3 h6 11. Bh4 g5 12. Bg3 Bg7 13. O-O O-O 14. Rfe1 b6 15. Nd4 Bb7 16. Nf5 Re8 17. Rad1 Rc8 18. h4 Nh5 19. hxg5 hxg5 20. d6 exd6 21. Rxe8+ Qxe8 22. Nxd6 Qc6 23. Qd5 Qxd5 24. Nxd5 Rb8 25. Nxf7 Nxg3 0-1


[Site "https://www.chess.com"]